 Dungeon Crawl Stone Soup version 0.26-a0-1181-gd376ed14c5 (webtiles) character file.

Game seed: 15672297885972123283

12646 Arthanis the Arsonist (level 11, -7/57 HPs)
             Began as a Deep Elf Fire Elementalist on Dec 25, 2020.
             Was an Elder of Vehumet.
             Shot with an arrow by a centaur warrior (31 damage)
             ... on level 12 of the Dungeon.
             The game lasted 00:27:23 (12738 turns).

Arthanis the Arsonist (Deep Elf Fire Elementalist) Turns: 12738, Time: 00:27:23

Health: -7/57      AC:  5    Str:  5    XL:     11   Next: 65%
Magic:  33/46      EV: 14    Int: 24    God:    Vehumet [****..]
Gold:   386        SH:  0    Dex: 15    Spells: 13/33 levels left

rFire    + . .     SeeInvis .   Q - +1 spear
rCold    + . .     Faith    .   (no shield)
rNeg     + + .     Spirit   .   h - +1 robe {rN+}
rPois    +         Reflect  .   U - -2 hat of the Alchemist {rElec rPois rF+ rC+ rN+ Will+ rMut rCorr}
rElec    +         Harm     .   M - +2 cloak {Will+}
rCorr    +         Rampage  .   (no gloves)
rMut     +                      a - +0 pair of boots (curse)
Will     +++..                  Y - amulet of the acrobat
Stlth    ++........             D - ring of magical power
HPRegen  0.19/turn              B - ring of magical power
MPRegen  0.30/turn

@: no status effects
A: no striking features
a: Renounce Religion


You were on level 12 of the Dungeon.
You worshipped Vehumet.
Vehumet was greatly pleased with you.
You visited 1 branch of the dungeon, and saw 12 of its levels.

You collected 655 gold pieces.
You spent 269 gold pieces at shops.

Inventory:

Hand Weapons
 J - the cursed +0 hand axe of Hiosar {venom, +Rage rF+++ rN++ Will-}
   (You found it on level 6 of the Dungeon)

   It poisons the flesh of those it strikes.
   It renders you almost immune to fire.
   It greatly protects you from negative energy.
   It affects your willpower, your defense against some magical effects.
   It lets you go berserk.
   It has a curse placed upon it.
 Q - a +1 spear (weapon)
Armour
 a - a cursed +0 pair of boots (worn)
 b - a +0 pair of boots
 h - a +1 robe of positive energy (worn)
 z - a +0 buckler
 M - a +2 cloak of willpower (worn)
 U - the -2 hat of the Alchemist (worn) {rElec rPois rF+ rC+ rN+ Will+ rMut rCorr}
   (You found it on level 9 of the Dungeon)

   It protects you from fire.
   It protects you from cold.
   It insulates you from electricity.
   It protects you from poison.
   It protects you from negative energy.
   It affects your willpower, your defense against some magical effects.
   It provides partial protection from all sources of acid and corrosion.
   It protects you from mutation.
Jewellery
 i - an uncursed amulet of regeneration {unknown}
 x - an uncursed ring of fire
 B - a ring of magical power (right hand)
 C - an uncursed ring of fire
 D - a ring of magical power (left hand)
 W - an uncursed ring of protection from cold
 Y - an amulet of the acrobat (around neck)
Wands
 c - a wand of disintegration (8)
 j - a wand of iceblast (22)
 w - a wand of flame (20)
 G - a wand of paralysis (9)
 L - a wand of random effects (32)
 N - a wand of enslavement (9)
Scrolls
 d - a scroll of summoning {unknown}
 e - 6 scrolls of blinking
 g - 3 scrolls of immolation
 m - 5 scrolls of teleportation
 q - 3 scrolls of remove curse
 r - 5 scrolls of amnesia {unknown}
 s - 8 scrolls of enchant weapon
 t - 6 scrolls of fear
 y - 4 scrolls of enchant armour {unknown}
 A - a scroll of magic mapping {unknown}
 I - 2 scrolls of random uselessness {unknown}
 P - a scroll of vulnerability {unknown}
 S - a scroll of fog {unknown}
 X - a scroll of identify
Potions
 f - a potion of ambrosia
 k - 2 potions of mutation {unknown}
 l - 2 potions of flight {unknown}
 n - 3 potions of might {unknown}
 o - 5 potions of haste
 p - 2 potions of brilliance {unknown}
 u - a potion of attraction {unknown}
 v - 4 potions of curing {unknown}
 E - a potion of resistance {unknown}
 F - 3 potions of lignification {unknown}
 H - a potion of invisibility {unknown}
 R - a potion of berserk rage {unknown}
 V - a potion of heal wounds
 Z - a potion of degeneration {unknown}


   Skills:
 - Level 2.0 Fighting
 - Level 4.4 Dodging
 - Level 3.0 Stealth
 + Level 2.7 Shields
 - Level 11.5 Spellcasting
 - Level 9.6 Conjurations
 - Level 13.4 Fire Magic
 - Level 4.4 Evocations


You had 13 spell levels left.
You knew the following spells:

 Your Spells              Type           Power        Failure   Level
a - Foxfire               Conj/Fire      100%         1%          1
b - Conjure Flame         Conj/Fire      62%          1%          3
c - Sticky Flame          Conj/Fire      62%          1%          4
d - Fireball              Conj/Fire      31%          1%          5
e - Stone Arrow           Conj/Erth      74%          1%          3
f - Shock                 Conj/Air       100%         1%          1
g - Mephitic Cloud        Conj/Pois/Air  29%          1%          3

Your spell library contained the following spells:

 Spells                   Type           Power        Failure   Level
 Bolt of Magma            Conj/Fire/Erth 25%          1%          5
 Sandblast                Erth           26%          1%          1
 Inner Flame              Hex/Fire       46%          1%          3
 Passwall                 Tmut/Erth      10%          7%          2
 Poisonous Vapours        Pois/Air       26%          7%          2
 Lee's Rapid Deconstruct  Erth           6%           30%         5
 Ice Form                 Ice/Tmut       13%          41%         4
 Petrify                  Tmut/Erth      13%          41%         4
 Freezing Cloud           Conj/Ice/Air   14%          41%         6
 Metabolic Englaciation   Hex/Ice        6%           77%         5
 Ozocubu's Refrigeration  Ice            6%           83%         6
 Simulacrum               Ice/Necr       6%           100%        6


Dungeon Overview and Level Annotations

Branches:
Dungeon (12/15)            Temple (0/1) D:4            Lair (0/6) D:8
    Orc (0/2) D:11

Altars:
Cheibriados
Fedhas
Kikubaaqudgha
Makhleb
Qazlal
Ru
Trog
Uskayaw
Vehumet
Yredelemnul
Zin

Shops:
D:4 [}==   D:6 (:(*=


Message History

The cyclops is almost dead.
The fireball engulfs the boulder beetle!!
The boulder beetle is moderately wounded.
A centaur warrior comes into view.
The cyclops is engulfed in noxious fumes.
Casting: Fireball (dangerous; 1% risk of failure)
Confirm with . or Enter, or press ? or * to list all spells.
Aiming: Fireball (dangerous; 1% risk of failure)
Press: ? - help, Shift-Dir - straight line, p - cyclops The fireball explodes!
The fireball engulfs the cyclops!
You kill the cyclops!
Vehumet accepts your kill.
You feel your power returning.
The fireball engulfs the centaur warrior!
The centaur warrior is moderately wounded.
You hear a horrible gurgling sound!
The centaur warrior wields a +0 shortbow.
The centaur warrior shoots an arrow.
The arrow hits you!!
Ouch! That really hurt!
You die...

#.... ##..(
#########.###
#...####....#
####.##.##....#
#☼##.##.##)##.##....#
#B○(...@......###...####
#.##c##.##.##.##.......<
####.#####........
#...####........
#########†####...)#####
#########†###..........
........#..............
.......................
.......................


You could see a boulder beetle and a centaur warrior.

Vanquished Creatures
  An ice dragon (D:10)
  2 two-headed ogres (D:10)
  A deep elf mage (D:11)
  Maurice (D:8)
  2 ugly things
  2 cyclopes
  3 centaur zombies
  4 rime drakes (D:10)
  2 trolls
  A hornet (D:10)
  A polar bear (D:10)
  A wraith (D:11)
  A vampire (D:9)
  3 yaks
  Grum (D:8)
  Menkaure (D:6)
  A soldier ant (D:12)
  4 ice beasts
  2 phantoms
  An eye of draining (D:9)
  3 orc warriors
  5 sky beasts
  3 black bears
  2 wolves (D:8)
  5 ogres
  5 centaurs
  7 bullfrogs
  A water moccasin skeleton (D:4)
  2 scorpions
  4 killer bees (D:10)
  An electric eel (D:11)
  A bullfrog zombie (D:5)
  A quasit (D:11)
  4 bullfrog skeletons
  6 hounds
  3 jellies
  8 orc priests
  15 orc wizards
  An iguana (D:6)
  8 worker ants
  2 killer bee zombies
  A hound zombie (D:5)
  A hound skeleton (D:6)
  2 worker ant zombies (D:10)
  3 gnolls (D:5)
  A howler monkey skeleton (D:6)
  12 adders
  3 white imps
  3 ufetubi
  An ooze (D:5)
  An adder zombie (D:6)
  6 dart slugs
  6 leopard geckos
  30 orcs
  8 bats
  7 giant cockroaches
  8 goblins
  4 hobgoblins
  15 jackals
  3 quokkas
  9 frilled lizards
  2 gnoll zombies (D:4)
  A jackal skeleton (D:4)
  6 kobolds
  10 rats
265 creatures vanquished.

Vanquished Creatures (others)
  A human (D:3)
  1216 foxfires
  3 plants (D:6)
1220 creatures vanquished.

Grand Total: 1485 creatures vanquished

Notes
Turn   | Place    | Note
-------+----------+-------------------------------------------
     0 | D:1      | Arthanis the Deep Elf Fire Elementalist began the quest for
                  | the Orb.
     0 | D:1      | Reached XP level 1. HP: 10/10 MP: 6/6
   403 | D:1      | Reached XP level 2. HP: 15/15 MP: 5/8
   713 | D:1      | Reached skill level 4 in Fire Magic
   981 | D:1      | Reached XP level 3. HP: 19/19 MP: 0/10
   985 | D:1      | Learned a level 3 spell: Conjure Flame
  1381 | D:2      | Reached XP level 4. HP: 24/24 MP: 1/11
  1386 | D:2      | Learned a level 4 spell: Sticky Flame
  2187 | D:2      | Found a snail-covered altar of Cheibriados.
  2715 | D:3      | Reached skill level 5 in Fire Magic
  2715 | D:3      | Reached XP level 5. HP: 28/28 MP: 6/13
  2916 | D:3      | Found an ancient bone altar of Kikubaaqudgha.
  2918 | D:3      | Noticed a human
  2919 | D:3      | Killed a human
  2993 | D:4      | Found Pugarun's Jewellery Boutique.
  3031 | D:4      | Noticed an ogre
  3042 | D:4      | Killed an ogre
  3107 | D:4      | Found Hewkof's Antique Armour Boutique.
  3175 | D:4      | Learned a level 5 spell: Fireball
  3257 | D:4      | Found Ucoirar's Gadget Boutique.
  3495 | D:4      | Found a basalt altar of Yredelemnul.
  3602 | D:4      | Found a radiant altar of Vehumet.
  3611 | D:4      | Became a worshipper of Vehumet
  3663 | D:4      | Reached skill level 5 in Spellcasting
  3663 | D:4      | Reached XP level 6. HP: 32/32 MP: 6/15
  3727 | D:4      | Found Jiuw's Jewellery Shoppe.
  3832 | D:4      | Found a staircase to the Ecumenical Temple.
  3967 | D:5      | Entered Level 5 of the Dungeon
  3972 | D:5      | Reached skill level 6 in Fire Magic
  4601 | D:5      | Reached XP level 7. HP: 36/36 MP: 11/17
  4610 | D:5      | Learned a level 3 spell: Stone Arrow
  4696 | D:5      | Reached * piety under Vehumet
  4696 | D:5      | Offered knowledge of Shock by Vehumet.
  4702 | D:5      | Reached skill level 7 in Fire Magic
  4711 | D:5      | Learned a level 1 spell: Shock
  5605 | D:6      | Found Tajioroh's Weapon Shoppe.
  5612 | D:6      | Noticed Menkaure
  5622 | D:6      | Reached skill level 5 in Conjurations
  5627 | D:6      | Reached XP level 8. HP: 41/41 MP: 6/20
  5629 | D:6      | Killed Menkaure
  5630 | D:6      | Reached skill level 8 in Fire Magic
  5744 | D:6      | Found Lockaurr's Jewellery Shoppe.
  5747 | D:6      | Bought an uncursed ring of magical power for 200 gold
                  | pieces
  5824 | D:6      | Reached skill level 1 in Evocations
  6040 | D:6      | Found Utengeitt's Weapon Boutique.
  6131 | D:6      | Offered knowledge of Freeze by Vehumet.
  6135 | D:6      | Reached ** piety under Vehumet
  6384 | D:6      | Found Bias's Assorted Antiques.
  6392 | D:6      | Bought a scroll labelled BENKYT VAIHITT for 24 gold pieces
  6392 | D:6      | Bought a bubbling yellow potion for 21 gold pieces
  6392 | D:6      | Bought a scroll labelled BENKYT VAIHITT for 24 gold pieces
  6432 | D:6      | Reached skill level 9 in Fire Magic
  6473 | D:6      | Got a crystal hand axe
  6477 | D:6      | Identified the cursed +0 hand axe of Hiosar {venom, +Rage
                  | rF+++ rN++ Will-} (You found it on level 6 of the Dungeon)
  6483 | D:6      | Found Fergh's Book Shop.
  6776 | D:7      | Found a hide-covered altar of Uskayaw.
  6826 | D:7      | Found a snail-covered altar of Cheibriados.
  6934 | D:7      | Reached XP level 9. HP: 16/45 MP: 21/22
  7488 | D:8      | Noticed Grum
  7494 | D:8      | Killed Grum
  7495 | D:8      | Reached skill level 10 in Fire Magic
  7570 | D:8      | Learned a level 3 spell: Mephitic Cloud
  7660 | D:8      | Found a staircase to the Lair.
  7905 | D:8      | Noticed Maurice
  7921 | D:8      | Killed Maurice
  7922 | D:8      | Reached skill level 1 in Fighting
  7923 | D:8      | Found a stormy altar of Qazlal.
  8010 | D:8      | Found a sacrificial altar of Ru.
  8066 | D:8      | Found a bloodstained altar of Trog.
  8348 | D:9      | Offered knowledge of Dazzling Flash by Vehumet.
  8463 | D:9      | Found the -2 hat of the Alchemist {rElec rPois rF+ rC+ rN+
                  | Will+ rMut rCorr}
  8549 | D:9      | Noticed a troll
  8569 | D:9      | Killed a troll
  8845 | D:9      | Found a burning altar of Makhleb.
  8847 | D:9      | Found a glowing silver altar of Zin.
  8847 | D:9      | Noticed an angel
  8848 | D:9      | Noticed a cacodemon
  8897 | D:9      | Reached XP level 10. HP: 53/53 MP: 25/25
  8943 | D:9      | Reached *** piety under Vehumet
  9004 | D:9      | Found a hide-covered altar of Uskayaw.
  9434 | D:10     | Entered Level 10 of the Dungeon
  9443 | D:9      | HP: 1/53 [yak (5)]
  9652 | D:10     | Reached skill level 11 in Fire Magic
  9679 | D:10     | Noticed a two-headed ogre
  9683 | D:10     | Killed a two-headed ogre
 10089 | D:10     | Offered knowledge of Airstrike by Vehumet.
 10090 | D:10     | Reached skill level 10 in Spellcasting
 10316 | D:10     | Noticed a two-headed ogre
 10323 | D:10     | Killed a two-headed ogre
 10324 | D:10     | Reached skill level 12 in Fire Magic
 10595 | D:10     | Noticed an ice dragon
 10600 | D:10     | Reached XP level 11. HP: 17/57 MP: 27/27
 10600 | D:10     | Killed an ice dragon
 10603 | D:10     | Noticed a brown ugly thing
 11032 | D:10     | Reached skill level 13 in Fire Magic
 11241 | D:10     | Reached **** piety under Vehumet
 11270 | D:10     | Killed a brown ugly thing
 11329 | D:11     | Offered knowledge of Bolt of Magma by Vehumet.
 11636 | D:11     | Noticed a deep elf mage
 11641 | D:11     | Killed a deep elf mage
 11885 | D:11     | Found a blossoming altar of Fedhas.
 11955 | D:11     | Found a staircase to the Orcish Mines.
 12483 | D:12     | Noticed a cyan ugly thing
 12489 | D:12     | Killed a cyan ugly thing
 12490 | D:12     | Reached skill level 1 in Shields
 12735 | D:12     | Noticed a boulder beetle
 12737 | D:12     | Noticed a centaur warrior
 12738 | D:12     | Shot with an arrow by a centaur warrior

Illustrated notes

Levels and vault maps discovered:
D:1:      nicolae_arrival_memento_mori, layout_loops_ring, minmay_cupped
D:2:      layout_rooms, cheibriados_altar_1
D:3:      layout_basic, tgw_kikubaaqudgha
D:4:      layout_gridville, lemuel_zombie_altar_yredelemnul,
          minmay_temple_entry_offerings, serial_shops, shop, shop,
          nicolae_shop_trees, nicolae_shop_stone, vehumet_altar_wand_db
D:5:      layout_cave_pods, columned_hall_lemuel
D:6:      layout_rooms, serial_shops, shop, nicolae_shop_crystal,
          nicolae_shop_overgrown_old_shop, nicolae_shop_statue_plus,
          kennysheep_mini, kennysheep_generic_room_9, uniq_menkaure
D:7:      layout_basic, chequers_temple_overflow_statue_of_worship
D:8:      layout_gridville, grunt_qazlal_sundering,
          nicolae_overflow_crystal_walls, lair_entry_dummy,
          kennysheep_crisscross, minmay_misc_feat_enclosed,
          nicolae_ru_sacrificial_ziggurat, uniq_grum, uniq_maurice
D:9:      layout_basic, grunt_temple_overflow_order_and_chaos_2, basic_altar
D:10:     minmay_coctagon, layout_rooms
D:11:     layout_cave_pods, orc_0_dummy, dk_vineyard_2,
          hangedman_abyss_or_decor_passed, minivault_14, minmay_splitting_lines,
          fedhas_altar_1
D:12:     hangedman_cross_veins, layout_grid_maze

Skill      XL: |  1  2  3  4  5  6  7  8  9 10 11 |
---------------+----------------------------------+-----
Fire Magic     | 4 5 6 7 9 10 12 13 | 13.4
Conjurations   | 2 3 4 5 6 7 8 9 |  9.6
Spellcasting   | 4 5 6 7 9 10 11 | 11.5
Evocations     | 2 3 4 |  4.4
Stealth        | 3 |  3.0
Dodging        | 3 4 |  4.4
Fighting       | 2 |  2.0
Shields        | 2 |  2.7

Action                   |  1- 3 |  4- 6 |  7- 9 | 10-12 || total
-------------------------+-------+-------+-------+-------++-------
Melee: Dagger            |    10 |       |     1 |       ||    11
       Spear             |       |       |       |     2 ||     2
 Cast: Foxfire           |    88 |   196 |   308 |   181 ||   773
       Conjure Flame     |       |     1 |     8 |     1 ||    10
       Sticky Flame      |       |       |    11 |    22 ||    33
       Shock             |       |       |     6 |       ||     6
       Fireball          |       |       |    17 |    72 ||    89
       Mephitic Cloud    |       |       |       |     4 ||     4
       Stone Arrow       |       |       |       |     1 ||     1
  Use: Scroll            |       |       |    10 |     1 ||    11
       Potion            |       |       |       |     1 ||     1
Armor: Robe              |     7 |     4 |    16 |    10 ||    37
Dodge: Dodged            |    28 |     4 |    23 |    56 ||   111

Table legend: (Time is in decaauts)
 A = Elapsed time spent in this place.
 B = Non-inter-level travel time spent in this place.
 C = Inter-level travel time spent in this place.
 D = Time resting spent in this place.
 E = Time spent auto-exploring this place.
 F = Levels seen in this place.
 G = Mean time per level.
                   A        B        C        D        E       F      G
               +--------+--------+--------+--------+--------+-----+--------+
         Total |  12733 |  12420 |    313 |    323 |  10204 |  12 | 1061.1 |
       Dungeon |  12733 |  12420 |    313 |    323 |  10204 |  12 | 1061.1 |
               +--------+--------+--------+--------+--------+-----+--------+

Top non-repeatable levels by time:
    D:10: 1536 daAuts
     D:9: 1481 daAuts
     D:5: 1479 daAuts
     D:1: 1367 daAuts
     D:6: 1178 daAuts
    D:11: 1151 daAuts
     D:4: 992 daAuts
     D:2: 909 daAuts
     D:7: 851 daAuts
     D:8: 827 daAuts
     D:3: 695 daAuts
    D:12: 260 daAuts
